 Dungeon Crawl Stone Soup version 0.24.0-125-gc4c63601f3 (webtiles) character file.

Game seed: 14123988428456089506, levelgen mode: deterministic

71 Frank2 the Cudgeler (level 4, -5/33 HPs)
             Began as a Demonspawn Gladiator on Mar 7, 2020.
             Slain by a kobold
             ... wielding a +1 dagger of electrocution
              (19 damage)
             ... on level 3 of the Dungeon.
             The game lasted 00:01:42 (1466 turns).

Frank2 the Cudgeler (Demonspawn Gladiator)          Turns: 1466, Time: 00:01:43

Health: -5/33      AC:  7    Str: 15    XL:     4   Next: 5%
Magic:  4/4        EV: 14    Int:  9    God:
Gold:   177        SH:  0    Dex: 15    Spells: 3/3 levels left

rFire    . . .     SeeInvis .   a - +0 flail
rCold    . . .     Gourm    .   (no shield)
rNeg     . . .     Faith    .   h - +0 ring mail
rPois    .         Spirit   .   c - +1 helmet
rElec    .         Reflect  .   (no cloak)
rCorr    .         Harm     .   (no gloves)
MR       .....                  (no boots)
Stlth    +.........             (no amulet)
HPRegen  0.11/turn              (no ring)
MPRegen  0.09/turn              (no ring)

@: hasted, very quick
A: hooves 1, repulsion field 1
a: no special abilities


You were on level 3 of the Dungeon.
You were not hungry.

You visited 1 branch of the dungeon, and saw 3 of its levels.

You collected 177 gold pieces.

Inventory:

Hand Weapons
 a - a +0 flail (weapon)
Missiles
 d - 3 throwing nets (quivered)
Armour
 c - a +1 helmet (worn)
 h - a +0 ring mail (worn)
Potions
 b - 2 potions of haste
 g - 2 potions of curing
 j - a potion of agility {unknown}
 k - a potion of might {unknown}
Comestibles
 f - 4 rations
 l - 2 chunks of flesh


   Skills:
 + Level 2.2 Fighting
 + Level 3.7 Maces & Flails
 - Level 1.7 Throwing
 + Level 0.7 Armour
 + Level 3.3 Dodging


You had 3 spell levels left.
You didn't know any spells.
Your spell library was empty.

Dungeon Overview and Level Annotations

Branches:
Dungeon (3/15)

Altars:
Fedhas
Sif Muna
Wu Jian


Innate Abilities, Weirdness & Mutations

You have large cloven feet.
You are surrounded by a mild repulsion field. (EV +2)


Message History

You hit the orc.
The orc is heavily wounded.
The orc hits you with a +4 dagger of protection.
You sock the orc!
You kill the orc!
You barely miss the kobold. Your kick misses the kobold.
The kobold hits you but does no damage.
You are electrocuted!
You barely miss the kobold. You kick the kobold.
The kobold is severely wounded.
You closely miss the kobold.
The kobold is severely wounded.
The kobold completely misses you.
You hit the kobold but do no damage.
The kobold is severely wounded.
The kobold misses you.
You hit the kobold but do no damage. Your kick misses the kobold.
The kobold is severely wounded.
The kobold hits you but does no damage.
You are electrocuted!!
Ouch! That really hurt!
You die...

...... ...... ...
...... ... ......
... .. ....##
...# ...# ...#
#..##...#
#####Z###..#....#
#.@Kgoo..........
#######.........#
#(.........
#<.K......#
#g..o...!.#
#.........#
#...g......
#.Z.........
#...........


You could see 2 orcs, a hobgoblin, a kobold and a leopard gecko skeleton.

Vanquished Creatures
  3 adders (D:2)
  A worm (D:2)
  A dart slug (D:1)
  An orc (D:3)
  8 bats
  2 giant cockroaches
  3 goblins
  5 hobgoblins
  3 jackals (D:1)
  4 frilled lizards
  5 kobolds
  3 rats
39 creatures vanquished.

Notes
Turn   | Place    | Note
-------+----------+-------------------------------------------
     0 | D:1      | Frank2 the Demonspawn Gladiator began the quest for the
                  | Orb.
     0 | D:1      | Reached XP level 1. HP: 16/16 MP: 1/1
   162 | D:1      | Gained mutation: You have large cloven feet. [demonic
                  | ancestry]
   162 | D:1      | Reached XP level 2. HP: 22/22 MP: 2/2
   684 | D:2      | Found a shimmering blue altar of Sif Muna.
   787 | D:2      | Gained mutation: You are surrounded by a mild repulsion
                  | field. (EV +2) [demonic ancestry]
   787 | D:2      | Reached XP level 3. HP: 15/27 MP: 3/3
   991 | D:2      | Found an ornate altar of the Wu Jian Council.
  1214 | D:2      | Found a blossoming altar of Fedhas.
  1339 | D:2      | Reached XP level 4. HP: 33/33 MP: 4/4
  1466 | D:3      | Slain by a kobold

Levels and vault maps discovered:
D:1:      eino_arrival_druids_welcome, layout_basic
D:2:      layout_loops_ring, lemuel_crystal_altar, lemuel_doored_altar,
          grunt_decor_cap, fedhas_altar_4
D:3:      minmay_roachtagon, layout_rooms, nicolae_tso_swordbearing_angel,
          first_ration, kennysheep_slug_shrine, uniq_sigmund

Skill      XL: |  1  2 |
---------------+-------+-----
Maces & Flails | 3 |  3.7
Dodging        | 3 |  3.3
Fighting       | |  2.2
Throwing       | |  1.7
Armour         | |  0.7

Action                   |  1- 3 |  4- 6 || total
-------------------------+-------+-------++-------
Melee: Flail             |   101 |     9 ||   110
       Kick              |    21 |     2 ||    23
  Use: Scroll            |     2 |     2 ||     4
       Potion            |       |     1 ||     1
  Eat: Chunk             |     1 |     1 ||     2
Armor: Leather armour    |     2 |       ||     2
       Ring mail         |    44 |     2 ||    46
Dodge: Dodged            |    78 |     5 ||    83
